PA
SOUTH BEACH BLAZE @ COLUMBIA RIVER RATS
08/24/2029
 
TOP OF THE 1ST
South Beach Blaze batting - Pitching for Columbia River Rats : LHP Giel Overwater
Pitching: LHP Giel Overwater
Batting: RHB Harlan Peppers 0-0: Ball
1-0: Ball
2-0: Ball
3-0: Called Strike
3-1: Foul Ball, location: 2F
3-2: Foul Ball, location: 2F
3-2: Foul Ball, location: 2F
3-2: Strikes out swinging
Batting: RHB Greg Schiff 0-0: Ball
1-0: Foul Ball, location: 2F
1-1: Foul Ball, location: 2F
1-2: Foul Ball, location: 2F
1-2: Foul Ball, location: 2F
1-2: Strikes out swinging
Batting: LHB Sepulveda Zambrano 0-0: Called Strike
0-1: Foul Ball, location: 2F
0-2: Ball
1-2: Foul Ball, location: 2F
1-2: Ball
2-2: Foul Ball, location: 2F
2-2: Foul Ball, location: 2F
2-2: Strikes out looking
Top of the 1st over - 0 runs, 0 hits, 0 errors, 0 left on base; South Beach 0 - Columbia 0
BOTTOM OF THE 1ST
Columbia River Rats batting - Pitching for South Beach Blaze : RHP Héctor Tista
Pitching: RHP Héctor Tista
Batting: SHB José Segura 0-0: Ball
1-0: Ground out 5-3 (Groundball, 56)
Batting: RHB Michael Walters 0-0: Called Strike
0-1: Ball
1-1: SINGLE (Groundball, 6MD)
Batting: RHB Yves Girard 0-0: Fly out, F9 (Flyball, 89S)
Batting: RHB George Coffel 0-0: Called Strike
0-1: Ball
1-1: Foul Ball, location: 2F
1-2: Fly out, F5 (Line Drive, 5S)
Bottom of the 1st over - 0 runs, 1 hit, 0 errors, 1 left on base; South Beach 0 - Columbia 0
TOP OF THE 2ND
South Beach Blaze batting - Pitching for Columbia River Rats : LHP Giel Overwater
Batting: RHB Fortunato Rasquinha 0-0: Ball
1-0: Ball
2-0: Ball
3-0: Called Strike
3-1: Base on Balls
Batting: RHB Daniel Bertrand 0-0: Called Strike
0-1: Ball
1-1: Ball
2-1: Called Strike
2-2: Fielders Choice at 2nd, 4-6 (Groundball, 34)
Batting: RHB Giobbe Bastedo 0-0: Called Strike
0-1: Fielders Choice at 2nd, 1-6 (Groundball, 13S)
Batting: SHB Serious Lee 0-0: Called Strike
0-1: Ball
1-1: Called Strike
1-2: Foul Ball, location: 2F
1-2: SINGLE (Groundball, 6MD)
Giobbe Bastedo to second
Runner from 2nd tries for 3rd, SAFE, no throw
Batting: RHB Ed Bowers 0-0: Called Strike
0-1: Ball
1-1: Foul Ball, location: 2F
1-2: Strikes out swinging
Top of the 2nd over - 0 runs, 1 hit, 0 errors, 2 left on base; South Beach 0 - Columbia 0
BOTTOM OF THE 2ND
Columbia River Rats batting - Pitching for South Beach Blaze : RHP Héctor Tista
Batting: RHB Júlio Costa 0-0: Called Strike
0-1: Called Strike
0-2: Ball
1-2: Ball
2-2: Strikes out swinging
Batting: LHB Jordan Westacott 0-0: Ball
1-0: Foul Ball, location: 2F
1-1: Ball
2-1: Ball
3-1: Foul Ball, location: 2F
3-2: Fly out, F8 (Flyball, 8RD)
Batting: RHB Andrew Berven 0-0: Called Strike
0-1: Foul Ball, location: 2F
0-2: Ball
1-2: Ball
2-2: Ball
3-2: Strikes out swinging
Bottom of the 2nd over - 0 runs, 0 hits, 0 errors, 0 left on base; South Beach 0 - Columbia 0
TOP OF THE 3RD
South Beach Blaze batting - Pitching for Columbia River Rats : LHP Giel Overwater
Batting: LHB Raymond Graham 0-0: Called Strike
0-1: Ball
1-1: SINGLE (Line Drive, 5D)
Batting: RHB Harlan Peppers 0-0: Ball
1-0: Swinging Strike
1-1: Fly out, F8 (Flyball, 8RS)
Batting: RHB Greg Schiff 0-0: Foul Ball, location: 2F
0-1: Ball
1-1: Foul Ball, location: 2F
1-2: Strikes out looking
Batting: LHB Sepulveda Zambrano 0-0: Ball
1-0: Called Strike
1-1: Foul Ball, location: 2F
1-2: Fly out, F8 (Flyball, 78M)
Top of the 3rd over - 0 runs, 1 hit, 0 errors, 1 left on base; South Beach 0 - Columbia 0
BOTTOM OF THE 3RD
Columbia River Rats batting - Pitching for South Beach Blaze : RHP Héctor Tista
Batting: RHB Harley Whitfield 0-0: Called Strike
0-1: Foul Ball, location: 2F
0-2: Ground out 6-3 (Groundball, 6)
Batting: RHB Javier Cordero 0-0: Ball
1-0: Ball
2-0: Called Strike
2-1: Called Strike
2-2: Strikes out swinging, 2-3 out at first.
Batting: SHB José Segura 0-0: Foul Ball, location: 2F
0-1: Foul Ball, location: 2F
0-2: Ball
1-2: Ball
2-2: Fly out, F7 (Flyball, 7LM)
Bottom of the 3rd over - 0 runs, 0 hits, 0 errors, 0 left on base; South Beach 0 - Columbia 0
TOP OF THE 4TH
South Beach Blaze batting - Pitching for Columbia River Rats : LHP Giel Overwater
Batting: RHB Fortunato Rasquinha 0-0: Called Strike
0-1: SINGLE (Line Drive, 78M)
Batting: RHB Daniel Bertrand 0-0: Ball
1-0: Called Strike
1-1: Fielders Choice at 2nd, 4-6 (Groundball, 4)
Now at SS: Edgar Castaneda
Batting: RHB Giobbe Bastedo 0-0: Called Strike
0-1: Foul Ball, location: 2F
0-2: Ball
1-2: Foul Ball, location: 2F
1-2: SINGLE (Line Drive, 7S)
Daniel Bertrand to second
Batting: SHB Serious Lee 0-0: Ball
1-0: Swinging Strike
1-1: Ball
Daniel Bertrand steals 3rd base
2-1: Swinging Strike
2-2: Strikes out swinging
Batting: RHB Ed Bowers 0-0: Ball
1-0: Called Strike
1-1: Ball
2-1: Swinging Strike
2-2: Strikes out looking
Top of the 4th over - 0 runs, 2 hits, 0 errors, 2 left on base; South Beach 0 - Columbia 0
BOTTOM OF THE 4TH
Columbia River Rats batting - Pitching for South Beach Blaze : RHP Héctor Tista
Batting: RHB Michael Walters 0-0: Called Strike
0-1: SOLO HOME RUN (Flyball, 7LD), Distance : 340 ft
Batting: RHB Yves Girard 0-0: Ball
1-0: Foul Ball, location: 2F
1-1: Foul Ball, location: 2F
1-2: Foul Ball, location: 2F
1-2: Ball
2-2: Strikes out swinging
Batting: RHB George Coffel 0-0: Ball
1-0: Ball
2-0: SINGLE (Line Drive, 8LS)
Batting: RHB Júlio Costa 0-0: Ball
1-0: Fly out, F3 (Popup, 23F)
Batting: LHB Jordan Westacott 0-0: Ball
1-0: Ball
2-0: Called Strike
2-1: Ground out 4-3 (Groundball, 4)
Bottom of the 4th over - 1 run, 2 hits, 0 errors, 1 left on base; South Beach 0 - Columbia 1
TOP OF THE 5TH
South Beach Blaze batting - Pitching for Columbia River Rats : LHP Giel Overwater
Batting: LHB Raymond Graham 0-0: Ball
1-0: Called Strike
1-1: Foul Ball, location: 2F
1-2: DOUBLE (Line Drive, 9LM)
Batting: RHB Harlan Peppers 0-0: Ball
1-0: Ball
2-0: Foul Ball, location: 2F
2-1: Foul Ball, location: 2F
2-2: Ball
3-2: Strikes out swinging
Batting: RHB Greg Schiff 0-0: Called Strike
0-1: Swinging Strike
0-2: Foul Ball, location: 2F
0-2: Strikes out swinging
Batting: LHB Sepulveda Zambrano 0-0: Ball
1-0: Called Strike
1-1: Ball
2-1: Fly out, F9 (Flyball, 9)
Top of the 5th over - 0 runs, 1 hit, 0 errors, 1 left on base; South Beach 0 - Columbia 1
BOTTOM OF THE 5TH
Columbia River Rats batting - Pitching for South Beach Blaze : RHP Héctor Tista
Batting: RHB Andrew Berven 0-0: Called Strike
0-1: Fly out, F7 (Flyball, 78S)
Batting: RHB Harley Whitfield 0-0: Fly out, F8 (Flyball, 8LD)
Batting: RHB Javier Cordero 0-0: Ball
1-0: Foul Ball, location: 2F
1-1: Swinging Strike
1-2: Strikes out swinging
Bottom of the 5th over - 0 runs, 0 hits, 0 errors, 0 left on base; South Beach 0 - Columbia 1
TOP OF THE 6TH
South Beach Blaze batting - Pitching for Columbia River Rats : LHP Giel Overwater
Batting: RHB Fortunato Rasquinha 0-0: Fly out, F9 (Line Drive, 9S)
Batting: RHB Daniel Bertrand 0-0: Called Strike
0-1: Ball
1-1: Foul Ball, location: 2F
1-2: Ball
2-2: Foul Ball, location: 2F
2-2: Ground out 4-3 (Groundball, 34)
Batting: RHB Giobbe Bastedo 0-0: Ball
1-0: Foul Ball, location: 2F
1-1: Ball
2-1: Reached on error, E6 (Groundball, 6)
Batting: SHB Serious Lee 0-0: Ground out 4-3 (Groundball, 4)
Top of the 6th over - 0 runs, 0 hits, 1 error, 1 left on base; South Beach 0 - Columbia 1
BOTTOM OF THE 6TH
Columbia River Rats batting - Pitching for South Beach Blaze : RHP Héctor Tista
Batting: LHB Edgar Castaneda 0-0: Called Strike
0-1: Ball
1-1: Ball
2-1: Called Strike
2-2: Ball
3-2: Base on Balls
Batting: RHB Michael Walters 0-0: Ball
1-0: Swinging Strike
1-1: Foul Ball, location: 2F
1-2: SINGLE (Groundball, 34D)
Edgar Castaneda to second
Runner from 2nd tries for 3rd, SAFE, no throw
Batting: RHB Yves Girard 0-0: Called Strike
0-1: Foul Ball, location: 2F
0-2: Ball
1-2: SINGLE (Line Drive, 6MD)
Edgar Castaneda scores
Michael Walters to second
Batting: RHB George Coffel 0-0: Ball
1-0: Called Strike
1-1: Foul Ball, location: 2F
1-2: SINGLE (Flyball, 78M)
Michael Walters to third
Yves Girard to second
Batting: RHB Júlio Costa 0-0: Fly out, F2 (Popup, 3SF)
Batting: LHB Jordan Westacott 0-0: Ball
1-0: Called Strike
1-1: Fly out, F7 (Flyball, 7LS)
Runner from 3rd tags up, SCORES, no throw
Batting: RHB Andrew Berven 0-0: Ball
1-0: Ball
2-0: Ball
3-0: Called Strike
3-1: Ground out 1-3 (Groundball, 13)
Bottom of the 6th over - 2 runs, 3 hits, 0 errors, 2 left on base; South Beach 0 - Columbia 3
TOP OF THE 7TH
South Beach Blaze batting - Pitching for Columbia River Rats : LHP Giel Overwater
Batting: RHB Ed Bowers 0-0: Ground out 4-3 (Groundball, 4)
Batting: LHB Raymond Graham 0-0: Ball
1-0: Ball
2-0: Called Strike
2-1: Fly out, F7 (Flyball, 7D)
Batting: RHB Harlan Peppers 0-0: Ground out 6-3 (Groundball, 6)
Top of the 7th over - 0 runs, 0 hits, 0 errors, 0 left on base; South Beach 0 - Columbia 3
BOTTOM OF THE 7TH
Columbia River Rats batting - Pitching for South Beach Blaze : RHP Héctor Tista
Batting: RHB Harley Whitfield 0-0: Ball
1-0: Ball
2-0: Ball
3-0: Called Strike
3-1: Foul Ball, location: 2F
3-2: Base on Balls
Pitching: RHP Sima Babic
Batting: RHB Javier Cordero 0-0: Reached on error, E5 (Groundball, 5S)
Harley Whitfield to third
Batting: LHB Edgar Castaneda 0-0: Called Strike
0-1: Foul Ball, location: 2F
0-2: Ball
Wild Pitch!
Harley Whitfield scores
Javier Cordero to third
1-2: Ball
Wild Pitch!
Javier Cordero scores
2-2: Strikes out swinging
Batting: RHB Michael Walters 0-0: Foul Ball, location: 2F
0-1: Fly out, F8 (Flyball, 78D)
Batting: RHB Yves Girard 0-0: Foul Ball, location: 2F
0-1: Called Strike
0-2: Strikes out swinging
Bottom of the 7th over - 2 runs, 0 hits, 1 error, 0 left on base; South Beach 0 - Columbia 5
TOP OF THE 8TH
South Beach Blaze batting - Pitching for Columbia River Rats : LHP Giel Overwater
Batting: RHB Greg Schiff 0-0: Ball
1-0: Foul Ball, location: 2F
1-1: SINGLE (Groundball, 34D)
Batting: LHB Sepulveda Zambrano 0-0: Ball
1-0: Ball
2-0: Fly out, F4 (Popup, 4MS)
Pitching: RHP Raúl Valdéz
Batting: RHB Fortunato Rasquinha 0-0: Called Strike
0-1: Swinging Strike
0-2: Ball
1-2: Strikes out looking
Pitching: RHP Félix Palma
Batting: RHB Daniel Bertrand 0-0: Ball
1-0: Ball
2-0: Ball
3-0: Base on Balls
Greg Schiff to second
Batting: RHB Giobbe Bastedo 0-0: Fly out, F9 (Flyball, 9LM)
Top of the 8th over - 0 runs, 1 hit, 0 errors, 2 left on base; South Beach 0 - Columbia 5
BOTTOM OF THE 8TH
Columbia River Rats batting - Pitching for South Beach Blaze : RHP Sima Babic
Batting: RHB George Coffel 0-0: Ball
1-0: Reached via error on a dropped throw, E1
Batting: RHB Júlio Costa 0-0: Ball
1-0: Called Strike
1-1: Foul Ball, location: 2F
1-2: Strikes out swinging
Batting: LHB Jordan Westacott 0-0: Called Strike
0-1: Foul Ball, location: 2F
0-2: Ball
1-2: Foul Ball, location: 2F
1-2: Ball
2-2: Foul Ball, location: 2F
2-2: Foul Ball, location: 2F
2-2: Foul Ball, location: 2F
2-2: Foul Ball, location: 2F
2-2: Strikes out swinging
Batting: RHB Andrew Berven 0-0: Called Strike
0-1: Ball
1-1: Ball
2-1: Called Strike
2-2: Foul Ball, location: 2F
2-2: Foul Ball, location: 2F
2-2: Ball
3-2: DOUBLE (Line Drive, 9D)
George Coffel to third
George Coffel scores
Batting: RHB Harley Whitfield 0-0: Called Strike
0-1: Ball
1-1: Ball
2-1: Foul Ball, location: 2F
2-2: Strikes out swinging
Bottom of the 8th over - 1 run, 1 hit, 1 error, 1 left on base; South Beach 0 - Columbia 6
TOP OF THE 9TH
South Beach Blaze batting - Pitching for Columbia River Rats : RHP Félix Palma
Batting: SHB Serious Lee 0-0: Ball
1-0: Ball
2-0: Foul Ball, location: 2F
2-1: Ground out 4-3 (Groundball, 4)
Batting: RHB Ed Bowers 0-0: Ball
1-0: Foul Ball, location: 2F
1-1: Foul Ball, location: 2F
1-2: Strikes out swinging
Batting: LHB Raymond Graham 0-0: Ball
1-0: Fly out, F7 (Flyball, 7S)
Top of the 9th over - 0 runs, 0 hits, 0 errors, 0 left on base; South Beach 0 - Columbia 6
Tuesday, December 19th, 2017 - OOTP Baseball 18.8 Build 76